 Dungeon Crawl Stone Soup version 0.30-b1-2-g02819fbbbe (webtiles) character file.

Game seed: 5945693278995340413

1698 redmage the Frost Mage (level 9, -2/62 HPs)
             Began as a Meteoran Ice Elementalist on Aug 1, 2023.
             Was a Follower of Sif Muna.
             Killed from afar by a white imp (11 damage)
             ... with a puff of frost
             ... on level 8 of the Dungeon.
             The game lasted 00:20:19 (1424 turns).

redmage the Frost Mage (Meteoran Ice Elementalist)  Turns: 1424, Time: 00:20:20

Health: -2/62      AC: 17    Str: 15    XL:     9   Next: 47%
Magic:  0/16       EV: 13    Int: 21    God:    Sif Muna [*.....]
Gold:   69         SH:  0    Dex: 16    Spells: 5/16 levels left

rFire   . . .        h - staff of air
rCold   . . .        (no shield)
rNeg    . . .        s - +0 steam dragon scales
rPois   .            (no helmet)
rElec   +            r - +0 cloak
rCorr   .            (no gloves)
SInv    .            (no boots)
Will    +....        (no amulet)
Stlth   +            k - +4 ring of protection
HPRegen 0.30/turn    w - +6 ring of strength
MPRegen 0.15/turn

%: no passive effects
@: ice-armoured, glowing
A: sense surroundings 2, otherworldly, glowing, explore regen
a: Renounce Religion, Channel Magic


You were on level 8 of the Dungeon.
You worshipped Sif Muna.
Sif Muna was aware of your devotion.
You visited 2 branches of the dungeon, and saw 9 of its levels.

You collected 165 gold pieces.
You spent 96 gold pieces at shops.

Inventory:

Missiles
 q - 10 poisoned darts (quivered)
 t - 2 boomerangs
 y - 3 silver boomerangs
Armour
 r - a +0 cloak (worn)
 s - +0 steam dragon scales (worn)
Magical Staves
 h - a staff of air (weapon)
Jewellery
 a - a ring of ice
 k - a +4 ring of protection (left hand)
 w - a +6 ring of strength (right hand)
Scrolls
 c - 2 scrolls of teleportation {unknown}
 d - 6 scrolls of identify {unknown}
 g - a scroll of fog {unknown}
 i - a scroll of immolation {unknown}
 j - 3 scrolls of enchant armour {unknown}
 l - 3 scrolls of amnesia {unknown}
 o - a scroll of torment {unknown}
 u - a scroll of blinking {unknown}
 v - a scroll of acquirement {unknown}
 x - a scroll of noise {unknown}
Potions
 b - a potion of magic
 e - 2 potions of heal wounds
 f - a potion of lignification {unknown}
 m - a potion of curing
 n - a potion of resistance {unknown}
 p - a potion of mutation {unknown}


   Skills:
 - Level 2.6 Dodging
 - Level 1.5 Stealth
 - Level 4.0 Spellcasting
 + Level 8.1 Summonings
 + Level 8.3 Ice Magic
 + Level 6.2 Air Magic


You had 5 spell levels left.
You knew the following spells:

 Your Spells              Type           Power      Damage    Failure   Level
a - Freeze                Ice            100%       1d10      1%          1
b - Frozen Ramparts       Ice            78%        1d12      1%          3
c - Ozocubu's Armour      Ice            39%        N/A       1%          3
d - Summon Ice Beast      Ice/Summ       38%        N/A       4%          4

Your spell library contained the following spells:

 Spells                   Type           Power      Damage    Failure   Level
 Poisonous Vapours        Pois/Air       50%        N/A       4%          2
 Mephitic Cloud           Conj/Pois/Air  19%        N/A       16%         3
 Gell's Gravitas          Tloc           4%         N/A       34%         3
 Inner Flame              Hex/Fire       4%         N/A       34%         3
 Teleport Other           Tloc           4%         N/A       34%         3
 Freezing Cloud           Conj/Ice/Air   18%        6-21      41%         5
 Yara's Violent Unravell  Hex/Tmut       2%         3d3       97%         5
 Dispersal                Tloc           2%         N/A       100%        6
 Enfeeble                 Hex            2%         N/A       100%        7


Dungeon Overview and Level Annotations

Branches:
Dungeon (8/15) Zot: 3435   Temple (1/1) D:5 Zot: 531
   Lair: D:8-11

Altars:
Ashenzari
Cheibriados
Dithmenos
Elyvilon
Gozag
Kikubaaqudgha
Makhleb
Nemelex Xobeh
Okawaru
Qazlal
Ru
Sif Muna
Trog
Uskayaw
Vehumet
Wu Jian
Xom
Yredelemnul
Zin

Shops:
D:2 !   D:6 =

Annotations:
D:4 1 runed translucent door, diceflayer's ghost, amateur DsHu


Innate Abilities, Weirdness & Mutations

You passively map the area around you.
You are easily found by Zot.
You glow in the dark.
You regain HP and MP as you explore.


Message History

You kill the orc wizard!
Sif Muna accepts your kill.
The white imp hits you but does no damage.
The wall freezes the orc.
Your ice beast misses the white imp.
The white imp closely misses you.
The wall freezes the orc!
You kill the orc!
Sif Muna accepts your kill.
The wall freezes the orc!
You kill the orc!
Sif Muna accepts your kill.
Unknown command.
You barely miss the white imp.
Your ice beast closely misses the white imp.
The white imp hits you but does no damage.
The wall freezes the orc but does no damage.
Unknown command.
You hit the white imp.
The white imp is moderately wounded.
The white imp hits you. The white imp freezes you.
The wall freezes the orc.
Unknown command.
Casting: Freeze (safe; 1% risk of failure)
Confirm with . or Enter, or press ? or * to list all spells.
Aiming: Freeze (safe; 1% risk of failure)
Press: ? - help, Shift-Dir - straight line, f - orc
Aim: an orc, wielding a +0 whip and wearing a +0 chain mail (severely wounded)
You freeze the orc!
You kill the orc!
Sif Muna accepts your kill. The white imp gestures at you.
The puff of frost hits you!
* * * LOW HITPOINT WARNING * * *
Unknown command.
You hit the white imp but do no damage.
The white imp is electrocuted.
You punch the white imp, but do no damage.
The white imp is almost dead.
The frozen ramparts melt away.
Your ice beast hits itself but does no damage.
The white imp gestures at you. The puff of frost hits you!
You die...

,, , #....5###........#
,, #.....# #........# *
*#....5###........# , ,,
*#................# * ,,
#......$.........#
#####............# .
#......##...#####
....####)...............
,
[......@).)......<....o.
###...5.##..............
* #....Y##..............
,,
#.....##..............
#.....######..........
#.....# #..........
#.....# #......[...
#.....# #.......... , *
,


You could see a white imp (ally target) and a friendly ice beast (summoned,
confused).

Vanquished Creatures
  Pikel (D:8)
  Maggie (D:6)
  A sky beast (D:7)
  An ogre (D:6)
  2 centaurs (D:6)
  A kobold brigand (D:7)
  2 lemures (D:8)
  3 scorpions
  A jelly (D:5)
  2 iguanas (D:5)
  3 orc wizards
  6 gnolls
  6 adders
  A worm (D:3)
  A dart slug (D:2)
  10 orcs
  A ball python (D:3)
  3 endoplasms
  3 goblins
  4 hobgoblins
  4 jackals (D:3)
  3 quokkas
  6 kobolds
66 creatures vanquished.

Vanquished Creatures (collateral kills)
  An orc wizard (D:7)
  A gnoll (D:6)
  An adder (D:6)
  A shadow imp (D:6)
  2 white imps
  An orc (D:7)
  2 kobolds (D:7)
9 creatures vanquished.

Vanquished Creatures (others)
  A fungus (D:5)
1 creature vanquished.

Grand Total: 76 creatures vanquished

Notes
Turn   | Place    | Note
-------+----------+-------------------------------------------
     0 | D:1      | redmage the Meteoran Ice Elementalist began the quest for
                  | the Orb.
     0 | D:1      | Reached XP level 1. HP: 14/14 MP: 5/5
    34 | D:1      | Reached XP level 2. HP: 4/20 MP: 0/6
    42 | D:2      | Found Kuas's Distillery.
   186 | D:2      | Bought a potion of heal wounds for 60 gold pieces
   236 | D:2      | Found a faded altar of an unknown god.
   266 | D:3      | Reached XP level 3. HP: 22/26 MP: 5/8
   278 | D:2      | Learned a level 3 spell: Frozen Ramparts
   282 | D:2      | Learned a level 3 spell: Ozocubu's Armour
   338 | D:3      | Reached skill level 5 in Ice Magic
   339 | D:3      | Reached XP level 4. HP: 24/33 MP: 1/10
   441 | D:4      | Reached XP level 5. HP: 38/38 MP: 6/11
   517 | D:2      | Bought a potion of curing for 36 gold pieces
   620 | D:4      | Found a runed translucent door.
   621 | D:4      | Noticed diceflayer's ghost (amateur DsHu)
   711 | D:5      | Entered Level 5 of the Dungeon
   719 | D:4      | Learned a level 4 spell: Summon Ice Beast
   765 | D:5      | Found a staircase to the Ecumenical Temple.
   769 | Temple   | Entered the Ecumenical Temple
   804 | Temple   | Became a worshipper of Sif Muna the Loreminder
   859 | D:5      | Reached skill level 1 in Summonings
   863 | D:5      | Reached XP level 6. HP: 45/45 MP: 5/13
   866 | D:5      | Found a basalt altar of Yredelemnul.
   922 | D:6      | Noticed a centaur
   925 | D:6      | Noticed Maggie
   931 | D:6      | Killed a centaur
   932 | D:6      | Reached skill level 5 in Summonings
   932 | D:6      | Reached skill level 1 in Air Magic
   932 | D:6      | Reached XP level 7. HP: 22/50 MP: 5/14
   945 | D:6      | Killed Maggie
   946 | D:6      | Reached XP level 8. HP: 22/57 MP: 0/15
  1189 | D:6      | Found Cyeteewn's Jewellery Shop.
  1353 | D:7      | Reached * piety under Sif Muna
  1384 | D:8      | Noticed Pikel
  1411 | D:8      | Reached skill level 5 in Air Magic
  1411 | D:8      | Gained mutation: You passively map the area around you.
                  | [Meteoran growth]
  1411 | D:8      | Reached XP level 9. HP: 60/62 MP: 6/16
  1419 | D:8      | Killed Pikel
  1424 | D:8      | Killed from afar by a white imp

Illustrated notes

Levels and vault maps discovered:
D:1:      lordsloth_arrival_two_stooges, layout_basic
D:2:      layout_basic, serial_shops, nicolae_shop_hallway_stairs,
          dreamdust_ecumenical_altar_drowned_temple, uniq_robin, uniq_natasha
D:3:      layout_basic, tgw_fedhas
D:4:      layout_cave_pools, serial_column_ruins, column_ruins_pillar_9,
          column_ruins_pillar_2, column_ruins_pillar_2, column_ruins_pillar_2,
          column_ruins_pillar_9, column_ruins_pillar_4, column_ruins_pillar_8,
          column_ruins_pillar_10, column_ruins_pillar_9, column_ruins_pillar_2,
          ebering_ghost_reflecting_pool
D:5:      layout_loops_ring, nicolae_tso_besieged_by_evil,
          mainiacjoe_overflow_chevrons, minmay_temple_entry_glassed_door
D:6:      nicolae_cairo_tiling, layout_basic, serial_shops,
          nicolae_shop_real_fake_doors, uniq_duvessa, uniq_maggie
D:7:      minmay_recursive_quarters, layout_rooms, amcnicky_altar_gilded
D:8:      layout_basic, uniq_pikel
Temple:   compressed_dpeg_circular_temple

Skill      XL: |  1  2  3  4  5  6  7  8  9 |
---------------+----------------------------+-----
Spellcasting   | 3 4 |  4.0
Ice Magic      | 5 6 7 8 |  8.3
Summonings     | 3 5 6 7 8 |  8.1
Air Magic      | 1 3 5 6 |  6.2
Dodging        | |  2.6
Stealth        | |  1.5

Action                     |  1- 3 |  4- 6 |  7- 9 || total
---------------------------+-------+-------+-------++-------
  Melee: Staff             |     3 |     9 |    29 ||    41
         Punch             |       |       |     2 ||     2
  Throw: Dart              |       |       |     4 ||     4
   Cast: Freeze            |    18 |    22 |    19 ||    59
         Frozen Ramparts   |     1 |     6 |    11 ||    18
         Ozocubu's Armour  |     1 |     4 |     5 ||    10
         Summon Ice Beast  |       |       |     5 ||     5
    Use: Potion            |       |       |     1 ||     1
 Armour: Robe              |     2 |    19 |     5 ||    26
         Steam dragon scal |       |       |    33 ||    33
  Dodge: Dodged            |     7 |    19 |    47 ||    73
